 Dungeon Sprint DCSS version 0.28.0-43-g3370ac3207 (webtiles) character file.

Game seed: 5700517377033877593

10 boopmooplesden the Skirmisher (level 2, -4/28 HPs)
             Began as a Minotaur Fighter on Mar 6, 2022.
             Succumbed to a scorpion's poison
             ... in the Dungeon (Sprint II: "The Violet Keep of Menkaure").
             The game lasted 00:00:12 (35 turns).

boopmooplesden the Skirmisher (Minotaur Fighter)      Turns: 35, Time: 00:00:13

Health: -4/28      AC:  7    Str: 20    XL:     2   Next: 10%
Magic:  1/1        EV:  9    Int:  5    God:
Gold:   243        SH:  4    Dex:  9    Spells: 1/1 levels left

rFire   . . .      SeeInvis .   a - +0 war axe
rCold   . . .      Faith    .   c - +0 buckler
rNeg    . . .      Spirit   .   b - +0 scale mail
rPois   .          Reflect  .   (helmet restricted)
rElec   .          Harm     .   (no cloak)
rCorr   .          Rampage  .   (no gloves)
Will    .....      NoTele   +   (no boots)
Stlth   ..........              (no amulet)
HPRegen 0.09/turn               (no ring)
MPRegen 0.07/turn               (no ring)

@: lethally poisoned (-4 -> -27)
A: horns 2, retaliatory headbutt
a: no special abilities


You were in the Dungeon.
You visited 1 branch You collected 243 gold pieces.

Inventory:

Hand Weapons
 a - a +0 war axe (weapon)
Armour
 b - a +0 scale mail (worn)
 c - a +0 buckler (worn)
Scrolls
 j - a scroll of blinking
Potions
 d - a potion of might
 e - a potion of curing
 f - a potion of heal wounds
 g - a potion of haste
 h - 2 potions of magic
 i - a potion of berserk rage


   Skills:
 + Level 4.6 Fighting
 + Level 3.1 Axes
 + Level 4.5 Armour
 + Level 4.5 Shields


You had one spell level left.
You didn't know any spells.
Your spell library was empty.

Dungeon Overview and Level Annotations

Branches:
Dungeon (1/1)

Altars:


Innate Abilities, Weirdness & Mutations

You have a pair of horns on your head.
You reflexively headbutt those who attack you in melee.


Message History

Your Shields skill increases to level 4!
You barely miss the worm. You block the worm's attack.
You barely miss the worm. The worm completely misses you.
You furiously retaliate!
You headbutt the worm! You slash the worm!
You kill the worm!
You barely miss the worm. You headbutt the worm.
The worm is moderately wounded.
The worm closely misses you.
You hit the worm. You headbutt the worm.
The worm is moderately wounded.
The worm bites you but does no damage.
You hit the worm. You headbutt the worm!
You kill the worm!
Your Axes skill increases to level 3!
You have reached level 2!
There is an open door here.
You see here a worm corpse.
There is an open door here.
You see here a worm corpse.
Found 243 gold pieces.
You now have 243 gold pieces.
There is an open door here.
You see here a worm corpse.
As you open the door, it creaks loudly! 2 scorpions come into view.
A scorpion comes into view. x2
Found 243 gold pieces.
You barely miss the scorpion. The scorpion stings you. x2
You are lethally poisoned!
The scorpion poisons you!
Unknown command.
You hit the scorpion but do no damage.
You feel very sick. The scorpion stings you!
* * * LOW HITPOINT WARNING * * *
You are more poisoned.
The scorpion poisons you!
You slash the scorpion!
The scorpion is severely wounded.
You die... ## ## ##. $## .. ..
B#B

###
#+###.##
##.##...#
+.<.†##.+
##@##.###
#s###.#
#s# ###
.#s . .
## ##


You could see 3 scorpions.

Vanquished Creatures
  3 worms (D)
3 creatures vanquished.

Notes
Turn   | Place    | Note
-------+----------+-------------------------------------------
     0 | D        | boopmooplesden the Minotaur Fighter began the quest for the
                  | Orb.
     0 | D        | Reached XP level 1. HP: 19/19 MP: 0/0
     1 | D        | Noticed a boulder beetle
     1 | D        | Noticed a boulder beetle
    17 | D        | Reached XP level 2. HP: 22/28 MP: 1/1
    32 | D        | Noticed a scorpion
    32 | D        | Noticed a scorpion
    32 | D        | Noticed a scorpion
    32 | D        | Noticed a scorpion
    35 | D        | Succumbed to a scorpion's poison

Illustrated notes

Levels and vault maps discovered:
D:        the_violet_keep_of_menkaure [sprint2_stairs_cluster_1,
          sprint2_shoproom, sprint2_temple, sprint2_basic_supplies,
          sprint2_obstacle_6, sprint2_obstacle_7, sprint2_obstacle_4,
          sprint2_obstacle_2, sprint2_obstacle_1, sprint2_timed_cluster_1,
          sprint2_smallroom_cluster_1, sprint2_smallroom_final_cluster_1,
          sprint2_transparent_cluster_1, sprint2_second_timed_cluster_1,
          sprint2_sniper_area_1, sprint2_heavy_combat_area_1,
          sprint2_mutation_trap_area_1, sprint2_forest_area_1,
          sprint2_light_combat_area_1, sprint2_behind_water_1,
          sprint2_near_end_vault_1]

Skill      XL: |  1 |
---------------+----+-----
Fighting       | 4 |  4.6
Armour         | 4 |  4.5
Shields        | 4 |  4.5
Axes           | 3 |  3.1

Action                   || total
-------------------------++-------
Melee: War axe           ||    14
       Headbutt          ||     4
Armor: Scale mail        ||     1
Dodge: Dodged            ||     3
Block: Buckler           ||     1
